 Dungeon Crawl Stone Soup version 0.21-a0-104-g7b58145 (webtiles) character file.

707 Ijustatesigmund the Fighter (level 7, -8/81 HPs)
             Began as an Ogre Hunter on July 5, 2017.
             Splashed by a jelly's acid (13 damage)
             ... on level 3 of the Dungeon.
             The game lasted 00:16:26 (5776 turns).

Ijustatesigmund the Fighter (Ogre Hunter)           Turns: 5776, Time: 00:16:27

Health: -8/81      AC:  5    Str: 22    XL:     7   Next: 67%
Magic:  7/7        EV: 10    Int: 17    God:
Gold:   196        SH:  0    Dex: 11    Spells: 5/6 levels left

rFire    . . .     SeeInvis .   a - +1 whip
rCold    . . .     Gourm    .   (no shield)
rNeg     . . .     Faith    .   b - +0 robe
rPois    .         Spirit   .   (helmet restricted)
rElec    .         Reflect  .   k - +1 cloak
rCorr    .         Harm     +   (gloves unavailable)
MR       .....     Clarity  +   (boots unavailable)
Stlth    ++........             l - amulet of harm
HPRegen  0.23/turn              s - ring of stealth
MPRegen  0.10/turn              h - +3 ring of intelligence

@: mighty
A: unfitting armour, clarity, clever 1, tough skin 1
a: no special abilities


You were on level 3 of the Dungeon.
You were hungry.

You visited 1 branch of the dungeon, and saw 6 of its levels.
You also visited: Sewer.

You collected 196 gold pieces.

Inventory:

Hand Weapons
 a - a +1 whip (weapon)
 x - the +2 Maxwell's thermic engine {flame, freeze, rF- rC-}
   (You found it on level 5 of the Dungeon)

   It has been specially enchanted to burn those struck by it, causing extra
   injury to most foes and up to half again as much damage against particularly
   susceptible opponents.
   Big, fiery blades are also staple armaments of hydra-hunters.
   It makes you vulnerable to fire.
   It makes you vulnerable to cold.
Missiles
 d - 2 throwing nets (quivered)
 y - 8 silver javelins
Armour
 b - a +0 robe (worn)
 k - a +1 cloak (worn)
Jewellery
 h - a +3 ring of intelligence (right hand)
 l - an amulet of harm (around neck)
 n - an uncursed ring of ice
 q - an uncursed ring of ice
 s - a ring of stealth (left hand)
Scrolls
 m - a scroll of enchant weapon
Potions
 e - a potion of agility
 g - a potion of cancellation {unknown}
 i - a potion of might
 t - a potion of resistance
 v - 2 potions of haste {unknown}
 w - a potion of flight
Books
 u - a book of Conjurations

   Spells                             Type                      Level
   a - Magic Dart                     Conjuration                  1
   b - Searing Ray                    Conjuration                  2
   c - Dazzling Spray                 Conjuration/Hexes            3
   d - Fulminant Prism                Conjuration/Hexes            4
   e - Force Lance                    Conjuration/Translocation    4
   f - Iskenderun's Mystic Blast      Conjuration                  4
Comestibles
 f - 5 bread rations
 o - 5 meat rations
 p - a royal jelly
 r - 3 fruits


   Skills:
 + Level 8.5 Fighting
 + Level 4.7 Maces & Flails
 - Level 4.0 Throwing
 - Level 1.7 Dodging
 - Level 0.6 Stealth


You had 5 spell levels left.
You knew the following spells:

 Your Spells              Type           Power        Failure   Level  Hunger
a - Magic Dart            Conj           #...         24%         1    ##.....


Dungeon Overview and Level Annotations

Branches:
Dungeon (6/15)
 Temple: D:4-7

Altars:
Ru

Shops:
D:5 *

Annotations:
D:3 grindst0ne's ghost, amateur OgHu


Innate Abilities, Weirdness & Mutations

You are too large for most types of armour.
You have tough skin. (AC +1)
You possess an exceptional clarity of mind.
Your mind is acute. (Int +2)


Message History

* * * LOW HITPOINT WARNING * * *
A centaur comes into view. It is wielding a mace.
The gnoll closely misses you. The gnoll hits you but does no damage.
The gnoll closely misses you. x2
The gnoll hits you with a halberd!
* * * LOW HITPOINT WARNING * * *
The gnoll hits you from afar with a halberd.
* * * LOW HITPOINT WARNING * * *
There is a stone staircase leading up here.
Okay, then.
Okay, then.
The gnoll hits you but does no damage.
The leopard gecko hisses angrily.
You climb upwards.
Level annotation: grindst0ne's ghost, amateur OgHu A jelly comes into view.
The jelly hits you.
* * * LOW HITPOINT WARNING * * *
You are splashed with acid!
The acid burns!
You die...

# ##. .....### ####...
...... ...#.# #....#
#.... #....# #J.#
#....#### #@.# # #
#.........ga.....)#
##.#.#....###.########.#
................>.
...#....%..######.#
............#...#.#
.[....W.....#.#.#.#
..#########.#.#.#.#### .
#######.#.........


You could see a jelly, a worker ant (wandering) and a gnoll.

Vanquished Creatures
  2 ogres
  A big kobold (Sewer)
  A howler monkey (D:4)
  A centaur zombie (D:6)
  2 hounds
  3 worker ants
  6 gnolls
  10 adders
  2 worms
  A dart slug (D:2)
  7 leopard geckos
  11 orcs
  2 ball pythons
  7 bats
  8 giant cockroaches
  7 hobgoblins
  4 jackals
  2 quokkas
  4 frilled lizards
  8 goblins
  10 kobolds
  11 rats
110 creatures vanquished.

Vanquished Creatures (others)
  A plant (D:4)
1 creature vanquished.

Grand Total: 111 creatures vanquished

Notes
Turn   | Place    | Note
-------+----------+-------------------------------------------
     0 | D:1      | Ijustatesigmund the Ogre Hunter began the quest for the Orb.
     0 | D:1      | Reached XP level 1. HP: 22/22 MP: 1/1
    42 | D:1      | Reached skill level 3 in Fighting
   323 | D:1      | Reached XP level 2. HP: 21/32 MP: 2/2
   667 | D:1      | Reached skill level 4 in Fighting
   775 | D:2      | Reached skill level 1 in Maces & Flails
   775 | D:2      | Reached XP level 3. HP: 39/39 MP: 3/3
  1220 | D:2      | Reached XP level 4. HP: 47/49 MP: 4/4
  1755 | D:3      | Reached skill level 5 in Fighting
  1977 | D:3      | Noticed grindst0ne's ghost (amateur OgHu)
  2651 | D:4      | Reached XP level 5. HP: 50/57 MP: 5/5
  2912 | D:5      | Entered Level 5 of the Dungeon
  2939 | D:5      | Noticed an ogre
  2941 | D:5      | Killed an ogre
  2941 | D:5      | Reached skill level 6 in Fighting
  2970 | D:5      | Reached XP level 6. HP: 64/68 MP: 6/6
  3094 | D:5      | Found a glowing drain.
  3098 | Sewer    | Entered a sewer
  3700 | Sewer    | Found a white marble altar of Elyvilon.
  3855 | D:4      | Gained mutation: You possess an exceptional clarity of mind. [potion of mutation]
  3855 | D:4      | Gained mutation: Your magical capacity is low. (-10% MP) [potion of mutation]
  3855 | D:4      | Lost mutation: Your magical capacity is low. (-10% MP) [potion of mutation]
  3855 | D:4      | Gained mutation: Your mind is acute. (Int +2) [potion of mutation]
  3921 | D:4      | Reached skill level 7 in Fighting
  4287 | D:4      | Reached XP level 7. HP: 78/78 MP: 7/7
  4632 | D:5      | Found Yvepiuv's General Store.
  4669 | D:5      | Learned a level 1 spell: Magic Dart
  4761 | D:5      | Reached skill level 8 in Fighting
  4778 | D:5      | HP: 4/80 [gnoll/halberd (18)]
  4783 | D:6      | HP: 3/80 [poisoned by a worker ant]
  4903 | D:6      | Found a sacrificial altar of Ru.
  5776 | D:3      | Splashed by a jelly's acid

Vault maps used:
D:1:      minmay_arrival_stair_chambers, minmay_misc_feat_rows
D:2:      first_bread
D:3:      amethyst_overflow_temple_binary, nicolae_qazlal_style_of_elements
D:4:      corexii_shantytown, chequers_temple_overflow_statue_of_worship
D:5:      gup_sewer_entry_spiral, serial_shops, shop
D:6:      kennysheep_little_box, grunt_temple_overflow_open, led_sif_pool
Sewer:    sewer_kobolds

Skill      XL: |  1  2  3  4  5  6  7 |
---------------+----------------------+-----
Fighting       | 3 4 5 6 7 8 |  8.5
Maces & Flails | 1 2 3 4 |  4.7
Throwing       | |  4.0
Dodging        | |  1.7
Stealth        | |  0.6

Action                   |  1- 3 |  4- 6 |  7- 9 || total
-------------------------+-------+-------+-------++-------
Melee: Short sword       |    45 |       |       ||    45
       Whip              |    58 |   293 |   125 ||   476
       Giant spiked club |       |    40 |       ||    40
Throw: Large rock        |     4 |     7 |     1 ||    12
  Use: Scroll            |       |    11 |     5 ||    16
       Potion            |       |     8 |     5 ||    13
 Stab: Sleeping          |       |     7 |       ||     7
  Eat: Chunk             |       |    10 |     4 ||    14
       Fruit             |       |     2 |       ||     2
Armor: Robe              |    53 |   144 |    47 ||   244
Dodge: Dodged            |    78 |   193 |    91 ||   362
